 Dungeon Crawl Stone Soup version 0.30-a0-393-g54b8e3be05 (webtiles) character file.

Game seed: 2075025511980718318

240 Raultor the Insei (level 6, -3/39 HPs)
             Began as an Octopode Transmuter on Dec 5, 2022.
             Slain by an iguana (5 damage)
             ... on level 4 of the Dungeon.
             The game lasted 00:06:17 (2562 turns).

Raultor the Insei (Octopode Transmuter)             Turns: 2562, Time: 00:06:18

Health: -3/39      AC:  1    Str:  9    XL:     6   Next: 8%
Magic:  9/9        EV: 13    Int: 18    God:
Gold:   142        SH:  0    Dex: 12    Spells: 6/9 levels left

rFire   . . .      SeeInvis +      - Unarmed
rCold   . . .      Faith    .    (no shield)
rNeg    . . .      Spirit   .    (helmet restricted)
rPois   .          Reflect  .    (no amulet)
rElec   .          Harm     .    v - ring of see invisible
rCorr   .          Rampage  .    (no ring)
Will    .....                    (no ring)
Stlth   ++........               (no ring)
HPRegen 0.26/turn                (no ring)
MPRegen 0.11/turn                (no ring)
                                 (no ring)
                                 (no ring)

@: no status effects
A: almost no armour, amphibious, 8 rings, camouflage 1, gelatinous body 1,
(nimble swimmer 1), tentacles
a: no special abilities


You were on level 4 of the Dungeon.
You visited 1 branch of the dungeon, and saw 4 of its levels.

You collected 168 gold pieces.
You spent 26 gold pieces at shops.


Innate Abilities, Weirdness & Mutations

You cannot wear most types of armour.
You are amphibious.
You can wear up to eight rings at the same time.
Your skin changes colour to match your surroundings (Stealth+).
Your rubbery body absorbs attacks. (AC +1, EV +1)
((You are camouflaged when in or above water. (Stealth+)))
You have tentacles for arms and can constrict up to eight enemies at once.


   Skills:
 + Level 2.2 Fighting
 - Level 2.0 Dodging
 + Level 3.9 Unarmed Combat
 - Level 2.0 Spellcasting
 * Level 3.8 Transmutations
 * Level 3.2 Ice Magic


You had 6 spell levels left.
You knew the following spells:

 Your Spells              Type           Power      Damage    Failure   Level
b - Beastly Appendage     Tmut           30%        N/A       3%          1
w - Wereblood             Tmut           15%        N/A       5%          2

Your spell library contained the following spells:

 Spells                   Type           Power      Damage    Failure   Level
 Spider Form              Tmut/Pois      8%         N/A       24%         3
 Ignite Poison            Fire/Tmut/Pois 6%         N/A       32%         3
 Ice Form                 Ice/Tmut       14%        N/A       38%         4
 Sticky Flame             Conj/Fire      1%         2d3       87%         4
 Ignition                 Fire           0%         3d3       100%        8

Inventory:

Jewellery
 v - a ring of see invisible (left tentacle)
 F - a ring of fire
Wands
 l - a wand of roots (10)
Scrolls
 b - 2 scrolls of noise {unknown}
 c - a scroll of enchant armour {unknown}
 d - 2 scrolls of butterflies {unknown}
 f - 2 scrolls of enchant weapon {unknown}
 g - a scroll of teleportation {unknown}
 i - 6 scrolls of identify {@r1}
 k - a scroll of magic mapping {unknown}
 m - a scroll of acquirement {unknown}
Potions
 a - 2 potions of lignification
 e - 7 potions of curing {unknown}
 h - 5 potions of attraction {unknown}
 j - a potion of mutation {unknown}

Dungeon Overview and Level Annotations

Branches:
Dungeon (4/15)
 Temple: D:4-7

Altars:
Qazlal

Shops:
D:2

* ......... #####....
#. .... ▒. .. ▒▒. #
..▒ .. ▒▒▒ ▒.▒▒ ▒▒▒.+
▒.l▒ ▒▒...▒▒ ▒@▒▒
...▒..▒ ▒..▒ .▒▒▒▒.▒▒
▒▒.▒▒ ▒▒ ▒..▒ ▒...▒
▒▒.▒▒ ▒...▒'▒ ▒..▒
▒...▒▒▒.▒ ▒
▒▒.▒▒...▒▒▒...▒▒ ▒
▒+▒...▒.▒▒▒...▒..▒
▒▒▒▒...▒▒▒▒▒...▒▒▒▒.▒▒


You could see an iguana.


Message History

* * * LOW HITPOINT WARNING * * *
You are too injured to fight recklessly!
You are too injured to fight recklessly!
You closely miss the iguana. Your grab misses the iguana.
The iguana is lightly wounded.
The iguana closely misses you.
You barely miss the iguana. You grab the iguana.
The iguana is lightly wounded.
You constrict the iguana, but do no damage.
The iguana barely misses you.
You tentacle-slap the iguana. You squeeze the iguana.
The iguana is heavily wounded.
You constrict the iguana.
You tentacle-slap the iguana but do no damage.
You squeeze the iguana, but do no damage.
The iguana is heavily wounded.
You constrict the iguana. The iguana bites you!
* * * LOW HITPOINT WARNING * * *
You tentacle-slap the iguana but do no damage.
The iguana is heavily wounded.
You constrict the iguana. The iguana bites you.
* * * LOW HITPOINT WARNING * * *
You tentacle-slap the iguana but do no damage.
The iguana is severely wounded.
You constrict the iguana, but do no damage.
The iguana closely misses you.
You tentacle-slap the iguana but do no damage.
The iguana is severely wounded.
You constrict the iguana. The iguana bites you.
You die...

Skill      XL: |  1  2  3  4  5 |
---------------+----------------+-----
Ice Magic      | 1 2 3 |  3.2
Transmutations | 3 |  3.8
Fighting       | 2 |  2.2
Dodging        | |  2.0
Unarmed Combat | |  3.9
Spellcasting   | |  2.0

Action                   |  1- 3 |  4- 6 || total
-------------------------+-------+-------++-------
Melee: Unarmed           |   103 |   116 ||   219
       Constrict         |    31 |    30 ||    61
       Tentacles         |    23 |    24 ||    47
       Punch             |     2 |     3 ||     5
       Kick              |    14 |    25 ||    39
 Cast: Beastly Appendage |     9 |    10 ||    19
       Wereblood         |     3 |     1 ||     4
 Stab: Sleeping          |     2 |     4 ||     6
Armor: Skin              |    14 |     9 ||    23
Dodge: Dodged            |   100 |    68 ||   168

Levels and vault maps discovered:
D:1:      elethiomel_arrival_quiet, layout_rooms, st_stairs_14,
          grunt_decor_resistance, minmay_tromino_v4_b
D:2:      layout_rooms, serial_shops, shop, serial_rivers,
          chequers_serial_rivers_micro_a, chequers_serial_rivers_micro_e,
          chequers_serial_rivers_small_a, chequers_serial_rivers_room_a,
          chequers_serial_rivers_micro_e, uniq_natasha
D:3:      layout_basic, mainiacjoe_overflow_catwalk
D:4:      minmay_skewed_foursquare, layout_basic

Notes
Turn   | Place    | Note
-------+----------+-------------------------------------------
     0 | D:1      | Raultor the Octopode Transmuter began the quest for the
                  | Orb.
     0 | D:1      | Reached XP level 1. HP: 13/13 MP: 3/3
    89 | D:1      | Reached XP level 2. HP: 17/18 MP: 5/5
   140 | D:1      | Reached skill level 1 in Ice Magic
   341 | D:1      | Reached XP level 3. HP: 23/23 MP: 4/6
   386 | D:1      | Learned a level 2 spell: Wereblood
  1003 | D:2      | Reached XP level 4. HP: 26/28 MP: 3/7
  1014 | D:2      | Reached skill level 2 in Ice Magic
  1052 | D:2      | Found Itzecad's General Store.
  1062 | D:2      | Bought a scroll of identify for 26 gold pieces
  1138 | D:2      | Reached skill level 3 in Transmutations
  1490 | D:2      | Noticed Natasha
  1497 | D:2      | Killed Natasha
  1498 | D:2      | Reached XP level 5. HP: 28/34 MP: 6/8
  1568 | D:2      | Noticed Natasha
  1576 | D:2      | Killed Natasha
  1577 | D:2      | Reached skill level 2 in Fighting
  1909 | D:3      | Found a stormy altar of Qazlal.
  2047 | D:3      | Reached skill level 3 in Ice Magic
  2060 | D:3      | Reached XP level 6. HP: 28/39 MP: 5/9
  2560 | D:4      | HP: 2/39 [iguana (5)]
  2562 | D:4      | Slain by an iguana

Vanquished Creatures
  2 orc priests (D:3)
  Natasha (twice) (D:2)
  3 adders
  A worm (D:2)
  3 dart slugs
  3 orcs
  9 ball pythons
  5 bats
  5 endoplasms
  3 giant cockroaches
  6 goblins
  5 hobgoblins
  18 jackals
  8 quokkas
  4 frilled lizards
  8 kobolds
  3 rats
88 creatures vanquished.

Table legend: (Time is in decaauts)
 A = Elapsed time spent in this place.
 B = Non-inter-level travel time spent in this place.
 C = Inter-level travel time spent in this place.
 D = Time resting spent in this place.
 E = Time spent auto-exploring this place.
 F = Levels seen in this place.
 G = Mean time per level.
                   A        B        C        D        E       F      G
               +--------+--------+--------+--------+--------+-----+--------+
         Total |   2555 |   2528 |     27 |      0 |   1976 |   4 |  638.8 |
       Dungeon |   2555 |   2528 |     27 |      0 |   1976 |   4 |  638.8 |
               +--------+--------+--------+--------+--------+-----+--------+

Top non-repeatable levels by time:
     D:1: 872 daAuts
     D:2: 814 daAuts
     D:3: 593 daAuts
     D:4: 275 daAuts

Table legend:
 A = Non-vault XP
 B = Vault XP
 C = Vault XP percentage of total XP
 D = Non-vault monster count
 E = Vault monster count
 F = Vault count percentage of total count
                 A         B        C        D         E       F
            +---------+---------+-------+---------+---------+-------
      Total |     300 |      44 |  12.8 |      82 |       6 |   6.8
            +---------+---------+-------+---------+---------+-------
        D:1 |      70 |       4 |   5.4 |      38 |       3 |   7.3
        D:2 |      96 |      35 |  26.7 |      20 |       1 |   4.8
        D:3 |     127 |       0 |   0.0 |      21 |       0 |   0.0
        D:4 |       7 |       5 |  41.7 |       3 |       2 |  40.0
            +---------+---------+-------+---------+---------+-------
